 Dungeon Crawl Stone Soup version 0.31-a0-1-g4198be8af4 (webtiles) character file.

Game seed: 11292360854829835207

1282 GloriousHammer the Cleaver (level 8, 0/67 HPs)
             Began as a Formicid Fighter on May 1, 2023.
             Was an Initiate of Wu Jian.
             Slain by a gnoll
             ... wielding a +0 spear
              (1 damage)
             ... on level 5 of the Dungeon.
             The game lasted 00:11:42 (4015 turns).

GloriousHammer the Cleaver (Formicid Fighter)       Turns: 4015, Time: 00:11:42

Health: 0/67       AC: 11    Str: 24    XL:     8   Next: 84%
Magic:  8/15       EV: 10    Int:  7    God:    Wu Jian [......]
Gold:   147        SH:  5    Dex: 13    Spells: 14/16 levels left

rFire   . . .        a - +0 war axe
rCold   . . .        c - +0 buckler
rNeg    . . .        b - +4 ring mail of Prudence {Will++}
rPois   .            (helmet unavailable)
rElec   .            (no cloak)
rCorr   .            (no gloves)
SInv    +            p - +0 pair of boots
Will    ++...        (no amulet)
Stlth   +++          L - ring of flight
HPRegen 0.31/turn    (no ring)
MPRegen 0.14/turn

%: no passive effects
@: mighty, marked, attractive, flying
A: permanent stasis, dig shafts and tunnels, antennae 3, four strong arms
a: Dig, Shaft Self, Renounce Religion


You were on level 5 of the Dungeon.
You worshipped Wu Jian.
Wu Jian was noncommittal.
You visited 1 branch of the dungeon, and saw 5 of its levels.

You collected 147 gold pieces.

Inventory:

Hand Weapons
 a - a +0 war axe (weapon)
 r - a +0 sling
Missiles
 q - 2 boomerangs
 u - 3 datura-tipped darts
 y - a throwing net
 z - 4 javelins
 B - 5 poisoned darts
Armour
 b - the +4 ring mail of Prudence (worn) {Will++}
   (You found it on level 2 of the Dungeon)

   Will:      It greatly increases your willpower.
 c - a +0 buckler (worn)
 p - a +0 pair of boots (worn)
Jewellery
 x - an amulet of magic regeneration
 L - a ring of flight (left hand)
Scrolls
 e - a scroll of fog {unknown}
 f - 5 scrolls of teleportation {unknown}
 h - 4 scrolls of identify {unknown}
 j - a scroll of magic mapping {unknown}
 n - 2 scrolls of blinking {unknown}
 s - a scroll of amnesia {unknown}
 C - a scroll of noise {unknown}
 D - a scroll of butterflies {unknown}
 F - a scroll of fear {unknown}
Potions
 d - 2 potions of might
 i - a potion of berserk rage {unknown}
 k - a potion of mutation {unknown}
 l - 2 potions of attraction
 o - a potion of brilliance {unknown}
 t - a potion of curing {unknown}
 v - a potion of magic
 w - a potion of invisibility {unknown}
 A - a potion of cancellation {unknown}
 E - a potion of flight {unknown}


   Skills:
 + Level 7.6 Fighting
 * Level 9.2 Axes
 + Level 6.3 Armour
 - Level 6.3 Stealth
 - Level 4.0 Shields
 - Level 4.7 Spellcasting
 - Level 5.8 Earth Magic


You had 14 spell levels left.
You knew the following spells:

 Your Spells              Type           Power      Damage    Failure   Level
a - Passwall              Tmut/Erth      4%         N/A       24%         2

Your spell library contained the following spells:

 Spells                   Type           Power      Damage    Failure   Level
 Sandblast                Erth           18%        2d7       4%          1
 Stone Arrow              Conj/Erth      10%        3d7       43%         3
 Freeze                   Ice            4%         1d3       45%         1
 Shock                    Conj/Air       4%         1d3       45%         1
 Ensorcelled Hibernation  Hex/Ice        2%         N/A       61%         2
 Frozen Ramparts          Ice            2%         1d1       83%         3
 Hailstorm                Conj/Ice       1%         3d3       83%         3
 Airstrike                Air            0%         2d(1-17)  99%         4
 Swiftness                Air            Unusable   N/A       N/A         3

Dungeon Overview and Level Annotations

Branches:
Dungeon (5/15)
 Temple: D:4-7

Altars:
Vehumet
Wu Jian

Shops:
D:3 *

Annotations:
D:5 Pikel


Innate Abilities, Weirdness & Mutations

You cannot be hasted, slowed, berserked, paralysed or teleported.
You can dig through walls and to a lower floor.
You have a pair of large antennae on your head. (SInv)
Your four strong arms can wield two-handed weapons with a shield.


Message History

You slash the scorpion!
You kill the scorpion!
The Council accepts your kill.
You feel sick. The adder misses you.
You closely miss the adder.
You feel sick. The adder bites you.
You are more poisoned.
The adder poisons you!
Pikel, Merchant of Souls comes into view.
He is wielding a +0 whip of freezing, wearing a +2 robe of positive energy and carrying a wand of iceblast (2).
You closely miss the adder.
You feel sick. The adder bites you but does no damage.
A lemure comes into view.
The adder closely misses you.
Unknown command.
You closely miss the adder.
You feel sick. The adder completely misses you.
The adder bites you but does no damage.
You barely miss the adder.
You feel sick.
A gnoll comes into view. It is wielding a +0 flail.
You block the adder's attack.
A lemure comes into view.
You slash the adder!
You kill the adder!
The Council accepts your kill.
You feel sick.
You are no longer poisoned.
The gnoll hits you from afar with a +0 halberd!
Press: ? - help, v - describe, . - travel The floor, spattered with blood.
Okay, then.
A gnoll and a centaur come into view.
You lunge at the gnoll, but your attack speed is too slow for a blow to land.
The gnoll hits you from afar with a +0 spear.
You block the gnoll's attack.
There is an open door here.
You closely miss the gnoll. You block the gnoll's attack.
The gnoll barely misses you.
A gnoll comes into view. It is wielding a +0 club.
You barely miss the gnoll. You block the gnoll's attack.
The gnoll hits you with a +0 halberd!
A lemure comes into view.
You slash the gnoll!
You kill the gnoll!
The Council accepts your kill. The gnoll hits you but does no damage.
Unknown command.
You closely miss the gnoll.
A gnoll comes into view. It is wielding a +0 spear.
You block the gnoll's attack.
The gnoll hits you from afar with a +0 spear.
Unknown command.
You slash the gnoll!
You kill the gnoll!
The Council accepts your kill.
The gnoll hits you from afar with a +0 spear.
* * * LOW HITPOINT WARNING * * *
Pikel hits you with a +0 whip of freezing.
* * * LOW HITPOINT WARNING * * *
Pikel freezes you.
* * * LOW HITPOINT WARNING * * *
The gnoll barely misses you.
Unknown command.
Press: ? - help, v - describe, . - travel The floor, spattered with blood.
Press: ? - help, v - describe, . - travel The floor, spattered with blood.
Press: ? - help, v - describe, . - travel The floor, spattered with blood.
It was a potion of magic.
Magic courses through your body. Pikel barely misses you.
It was a potion of attraction.
You feel attractive to monsters.
Pikel hits you with a +0 whip of freezing!
* * * LOW HITPOINT WARNING * * *
Pikel freezes you.
* * * LOW HITPOINT WARNING * * *
It was a potion of experience.
You feel more experienced!
Your Fighting skill gained 2 levels and is now at level 7!
Your Axes skill gained 3 levels and is now at level 9!
Your Armour skill gained 3 levels and is now at level 6!
Your Stealth skill gained 5 levels and is now at level 6!
Your Spellcasting skill gained 3 levels and is now at level 4!
Your Earth Magic skill gained 4 levels and is now at level 5!
Training target 4.0 for Stealth reached!
Training target 2.0 for Spellcasting reached!
Training target 2.0 for Earth Magic reached!
You have reached level 8!
You feel stronger. Pikel barely misses you. The gnoll is attracted toward you.
You closely miss the gnoll. You miss Pikel.
Pikel hits you with a +0 whip of freezing.
* * * LOW HITPOINT WARNING * * *
Pikel freezes you.
* * * LOW HITPOINT WARNING * * *
The gnoll hits you with a +0 spear.
* * * LOW HITPOINT WARNING * * *
It was a potion of haste.
Your stasis prevents you from being hasted.
A jackal comes into view.
Pikel barely misses you. The gnoll hits you with a +0 spear.
You die...

{ #'##'#...#.... { { {
#........{.gg.
#....{##..{#.. #5g...#
..# #####
#########5g{{.## ##
....# #.......5gg{{..#
....++##.#######o##...#
.........# #####K##h..#
.........# #....@g....#
.........# #..........#
....####.# #..........#
....# #.# #..........#
##### #.# #..........#
#.# #..........# #.#
#..........#
#.###..........#
#...'..........#


You could see Pikel, 3 lemures, 5 gnolls, an orc and a jackal.

Vanquished Creatures
  Menkaure (D:5)
  A phantom (D:4)
  A scorpion (D:5)
  A hound (D:4)
  A gnoll bouda (D:3)
  2 iguanas
  Natasha (thrice) (D:4)
  6 gnolls
  7 adders
  3 worms
  2 dart slugs
  13 orcs
  2 ball pythons
  6 endoplasms
  A giant cockroach (D:4)
  4 hobgoblins
  6 jackals
  3 quokkas
  A bat (D:2)
  3 goblins
  7 kobolds
  2 rats
76 creatures vanquished.

Notes
Turn   | Place    | Note
-------+----------+-------------------------------------------
     0 | D:1      | GloriousHammer the Formicid Fighter began the quest for the
                  | Orb.
     0 | D:1      | Reached XP level 1. HP: 18/18 MP: 1/1
   176 | D:1      | Found a faded altar of an unknown god.
   177 | D:1      | Noticed a golden eye
   180 | D:1      | Noticed a golden eye
   182 | D:1      | Noticed a golden eye
   182 | D:1      | Noticed a floating eye
   190 | D:1      | Reached XP level 2. HP: 24/24 MP: 2/2
   209 | D:1      | You fall into a shaft and drop 1 floor!
   227 | D:2      | Identified the +4 ring mail of Prudence {Will++}
   258 | D:2      | Reached XP level 3. HP: 27/30 MP: 3/3
   292 | D:2      | Identified the +6 dagger of Rupnohew {elec, Str+2}
   308 | D:2      | Reached skill level 3 in Axes
   650 | D:2      | Found a radiant altar of Vehumet.
  1079 | D:2      | Reached XP level 4. HP: 37/37 MP: 4/4
  1583 | D:3      | Reached skill level 4 in Axes
  1736 | D:3      | Found Zosiju's General Store.
  1998 | D:4      | Reached XP level 5. HP: 40/42 MP: 5/5
  2613 | D:4      | Noticed Natasha
  2625 | D:4      | Killed Natasha
  2626 | D:4      | Reached XP level 6. HP: 25/49 MP: 6/6
  2843 | D:4      | Noticed Natasha
  2846 | D:4      | Killed Natasha
  2847 | D:4      | Reached skill level 5 in Axes
  2901 | D:4      | Reached skill level 5 in Fighting
  3081 | D:4      | Found an ornate altar of the Wu Jian Council.
  3247 | D:4      | Noticed Natasha
  3263 | D:4      | Killed Natasha
  3264 | D:4      | Reached XP level 7. HP: 36/56 MP: 7/7
  3493 | D:4      | Became a worshipper of the Wu Jian Council
  3510 | D:4      | Learned a level 2 spell: Passwall
  3528 | D:5      | Entered Level 5 of the Dungeon
  3589 | D:5      | Noticed Menkaure
  3605 | D:5      | Killed Menkaure
  3606 | D:5      | Reached skill level 6 in Axes
  3606 | D:5      | Reached skill level 1 in Stealth
  3606 | D:5      | Reached skill level 1 in Earth Magic
  3882 | D:5      | Reached skill level 1 in Spellcasting
  3999 | D:5      | Noticed Pikel
  4013 | D:5      | Reached skill level 9 in Axes
  4013 | D:5      | Reached skill level 5 in Earth Magic
  4013 | D:5      | Reached XP level 8. HP: 5/67 MP: 8/15
  4014 | D:5      | HP: 3/67 [Pikel/+0 whip of freezing (1)]
  4014 | D:5      | HP: 1/67 [gnoll/+0 spear (2)]
  4015 | D:5      | Slain by a gnoll

Illustrated notes

Levels and vault maps discovered:
D:1:      minmay_arrival_stone_box, layout_basic,
          hellmonk_ecumenical_altar_watching_god, grunt_decor_arrowhead
D:2:      layout_basic, basic_altar, grunt_ministairs_10, nicolae_half_adder
D:3:      layout_basic, serial_shops, shop, minivault_14
D:4:      layout_cave_pools, nzn_wu_jian_contemplation, uniq_natasha
D:5:      layout_basic, minmay_temple_entry_nine_rooms,
          amcnicky_mini_pool_small, uniq_pikel, uniq_menkaure, uniq_duvessa

Skill      XL: |  1  2  3  4  5  6  7 |
---------------+----------------------+-----
Axes           | 3 4 5 9 |  9.2
Fighting       | 4 5 7 |  7.6
Stealth        | 6 |  6.3
Earth Magic    | 5 |  5.8
Spellcasting   | 4 |  4.7
Armour         | 6 |  6.3
Shields        | |  4.0

Action                     |  1- 3 |  4- 6 |  7- 9 || total
---------------------------+-------+-------+-------++-------
  Melee: War axe           |    75 |   133 |    45 ||   253
Ability: Lunge             |       |       |     1 ||     1
    Use: Potion            |       |       |     5 ||     5
 Armour: Scale mail        |    13 |       |       ||    13
         Ring mail         |    14 |    48 |    12 ||    74
  Dodge: Dodged            |    29 |    59 |    24 ||   112
  Block: Buckler           |    24 |    33 |    14 ||    71

Table legend: (Time is in decaauts)
 A = Elapsed time spent in this place.
 B = Non-inter-level travel time spent in this place.
 C = Inter-level travel time spent in this place.
 D = Time resting spent in this place.
 E = Time spent auto-exploring this place.
 F = Levels seen in this place.
 G = Mean time per level.
                   A        B        C        D        E       F      G
               +--------+--------+--------+--------+--------+-----+--------+
         Total |   4097 |   3953 |    144 |   1363 |   1738 |   5 |  819.4 |
       Dungeon |   4097 |   3953 |    144 |   1363 |   1738 |   5 |  819.4 |
               +--------+--------+--------+--------+--------+-----+--------+

Top non-repeatable levels by time:
     D:3: 1432 daAuts
     D:4: 1088 daAuts
     D:2: 1068 daAuts
     D:5: 291 daAuts
     D:1: 217 daAuts
